 Dungeon Crawl Stone Soup version 0.19-a0-1185-gacb3972 (webtiles) character file.

10285 Duffy the Protected (level 11, 81/81 HPs)
             Began as a Demigod Gladiator on Aug 18, 2016.
             Quit the game on level 1 of the Lair of Beasts.
             The game lasted 00:18:19 (14678 turns).

Duffy the Protected (Demigod Gladiator)            Turns: 14678, Time: 00:18:20

Health: 81/81      AC: 19    Str: 19 (20) XL:     11   Next: 12%
Magic:  16/16      EV:  8    Int: 12      God:
Gold:   548        SH:  2    Dex: 19 (20) Spells: 0 memorised, 10 levels left

rFire  + . .     SeeInvis .     y - +5 quarterstaff (chaos)
rCold  x . .     Gourm    .     w - +0 plate armour (curse)
rNeg   . . .     Faith    .     (shield currently unavailable)
rPois  +         Spirit   .     (helmet restricted)
rElec  .         Dismiss  .     z - +1 cloak
rCorr  .         Reflect  .     (no gloves)
MR     +....     Harm     .     (no boots)
Stlth  ..........               (no amulet)
                                H - ring of poison resistance
                                E - ring of fire

@: no status effects
A: antennae 1, large bone plates 1, deterioration 1, frail 1, high mp 1
a: no special abilities


You were on level 1 of the Lair of Beasts.
You were hungry.

You visited 2 branches of the dungeon, and saw 12 of its levels.
You also visited: Ossuary.

You collected 638 gold pieces.
You spent 90 gold pieces at shops.

Inventory:

Hand Weapons
 a - a +0 quarterstaff
 b - a +1 short sword of venom
 o - the +7 trident "Zorchavy" {distort, rF+}
   (You found it on level 11 of the Dungeon)

   It warps and distorts space around it.
   Unwielding it can cause banishment or high damage.
   It protects you from fire.
 y - a +5 quarterstaff of chaos (weapon)
Missiles
 d - 4 throwing nets (quivered)
Armour
 c - a +0 helmet
 w - a cursed +0 plate armour (worn)
 z - a +1 cloak (worn)
Jewellery
 s - an uncursed ring of flight
 E - a ring of fire (left hand)
 H - a ring of poison resistance (right hand)
Wands
 u - a wand of lightning (9/15)
 F - a wand of acid (0/15)
 G - a wand of paralysis (8/24)
 J - a wand of teleportation (6/9)
Scrolls
 j - a scroll of fear
 l - 5 scrolls of remove curse
 m - a scroll of recharging
 q - 5 scrolls of teleportation
 v - 3 scrolls of magic mapping
Potions
 e - a potion of brilliance
 h - 4 potions of agility
 i - a potion of ambrosia
 k - 3 potions of berserk rage
 n - a potion of heal wounds
 p - 2 potions of lignification
 r - a potion of magic
 t - 6 potions of curing
 A - a potion of cancellation
 C - 5 potions of might
 D - a potion of flight
 K - a potion of haste
Comestibles
 f - 16 bread rations
 g - 4 beef jerkies
 x - 8 meat rations


   Skills:
 - Level 6.4 Fighting
 - Level 10.2 Staves
 - Level 1.7 Throwing
 + Level 10.8 Armour
 - Level 3.4 Dodging
 - Level 3.0 Evocations


You had 10 spell levels left.
You didn't know any spells.

Dungeon Overview and Level Annotations

Branches:
Dungeon (11/15)            Temple (0/1) D:4            Lair (1/6) D:9
    Orc (0/2) D:9

Shops:
D:6 ?


Innate Abilities, Weirdness & Mutations

You have an increased reservoir of magic. (+10% MP)
You have a pair of small antennae on your head.
You are partially covered in large bone plates. (AC +2, SH +2)
Your body sometimes deteriorates upon taking damage.
You are frail. (-10% HP)


Message History

Found 26 sling bullets.
You now have 548 gold pieces (gained 9).
You see here 26 sling bullets.
A porcupine comes into view.
A porcupine is nearby!
As you read the scroll of identify, it crumbles to dust.
K - a potion of haste The porcupine falls through a shaft!
The shaft crumbles and collapses.
Found a club.
You found a shaft!
f - 16 bread rations (gained 1)
Found 18 bolts.
You see here a club.
You see here 18 bolts.
v - 3 scrolls of magic mapping (gained 1)
You are feeling hungry.
You see here 18 bolts.
The water moccasin hisses angrily.
The water moccasin is too close now for your liking.
Are you sure you want to abandon this character and quit the game? (Confirm with "yes".)

#.#####.# ##### ##### ##.....
........#######.#P#####.#####....
.................................
...........S.........(...........
.....................###.#.######
.....................# #####
....................)############
........................^........
.......>........@................
.................................
...%....#####.##.###.######..####
...%....# # #### ### #..#
........#### #..# ........P#.###
####..#.## ..............
.......... #.####........
......... ### #...###### #.......


You could see a water moccasin.

Vanquished Creatures
  A hill giant (D:10)
  Pikel (D:9)
  An ugly thing (D:10)
  Joseph (D:7)
  A gargoyle (D:10)
  A spiny frog (Lair:1)
  A rime drake (Lair:1)
  2 trolls (D:10)
  A merfolk (D:9)
  4 blink frogs (Lair:1)
  A wyvern (D:7)
  A hungry ghost (D:8)
  A fire bat (D:5)
  A hippogriff (D:11)
  Grum (D:9)
  2 steam dragons
  3 water moccasins
  3 orc warriors
  A phantom (D:4)
  A black bear (D:9)
  An ice beast (D:9)
  4 sky beasts
  2 wolves (D:9)
  4 centaurs
  5 ogres (D:7)
  2 crocodiles (Lair:1)
  A big kobold (D:10)
  7 giant frogs
  2 gnoll sergeants (D:7)
  6 scorpions (Ossuary)
  5 killer bees (D:7)
  A howler monkey (D:10)
  3 crimson imps
  A wasp zombie (D:9)
  2 centaur zombies
  5 hounds
  Crazy Yiuf (D:3)
  An orc priest (D:8)
  2 gnoll shamans
  A giant frog skeleton (D:10)
  2 centaur skeletons (D:7)
  An iguana (D:7)
  6 orc wizards
  6 worker ants
  2 big kobold zombies (Ossuary)
  A sheep (D:7)
  A hound zombie (D:7)
  2 hound skeletons (D:5)
  2 mummies (Ossuary)
  A howler monkey zombie (D:9)
  3 worker ant zombies (D:7)
  A howler monkey skeleton (D:10)
  27 gnolls
  7 river rats (Lair:1)
  7 scorpion zombies (Ossuary)
  11 adders
  2 shadow imps (D:7)
  An ooze (D:2)
  An adder skeleton (D:8)
  4 worms
  3 dart slugs
  7 giant geckos
  10 orcs
  10 bats
  12 giant cockroaches
  5 gnoll zombies (Ossuary)
  8 goblins
  6 hobgoblins
  9 jackals
  6 quokkas
  2 giant newts
  3 goblin zombies (Ossuary)
  12 kobolds
  2 kobold zombies (Ossuary)
  An orc zombie (Ossuary)
  A quokka skeleton (D:7)
  6 rats
276 creatures vanquished.

Vanquished Creatures (others)
  A spiny frog (Lair:1)
  2 slaves (D:9)
  A hippogriff (Lair:1)
  2 sky beasts
  A wasp (D:9)
  2 jellies (D:9)
  A mummy (Ossuary)
  A fungus (Lair:1)
11 creatures vanquished.

Grand Total: 287 creatures vanquished

Notes
Turn   | Place    | Note
-------+----------+-------------------------------------------
     0 | D:1      | Duffy the Demigod Gladiator began the quest for the Orb.
     0 | D:1      | Reached XP level 1. HP: 17/17 MP: 3/3
   203 | D:1      | Reached XP level 2. HP: 24/24 MP: 4/4
   797 | D:2      | Reached XP level 3. HP: 18/29 MP: 5/5
  1913 | D:3      | Reached XP level 4. HP: 17/36 MP: 6/6
  2314 | D:3      | Reached skill level 5 in Staves
  2506 | D:3      | Found a runed door.
  2511 | D:3      | Noticed Crazy Yiuf
  2523 | D:3      | Killed Crazy Yiuf
  2738 | D:3      | Reached XP level 5. HP: 41/41 MP: 7/7
  2974 | D:4      | Noticed a phantom
  2976 | D:4      | Found a staircase to the Ecumenical Temple.
  2992 | D:4      | Killed a phantom
  3088 | D:4      | Reached XP level 6. HP: 48/48 MP: 8/8
  3456 | D:5      | Entered Level 5 of the Dungeon
  3730 | D:5      | Noticed a fire bat
  3730 | D:5      | a centaur changed into a fire bat
  3733 | D:5      | Killed a fire bat
  3803 | D:5      | Reached XP level 7. HP: 52/53 MP: 9/9
  3910 | D:5      | Found a sand-covered staircase.
  3915 | Ossuary  | Entered an ossuary
  4738 | D:5      | Found an opulent altar of Gozag.
  4738 | D:5      | Found a glowing silver altar of Zin.
  5026 | D:6      | Reached XP level 8. HP: 66/66 MP: 10/10
  5257 | D:6      | Gained mutation: You are partially covered in large bone plates. (AC +2, SH +2) [potion of beneficial mutation]
  5697 | D:6      | Found Zaicakeph's Magic Scroll Boutique.
  5713 | D:6      | Bought a scroll of identify for 20 gold pieces
  5713 | D:6      | Bought a scroll of identify for 20 gold pieces
  5713 | D:6      | Bought a scroll of identify for 20 gold pieces
  5713 | D:6      | Bought a scroll of teleportation for 30 gold pieces
  5914 | D:7      | Reached skill level 1 in Evocations
  6151 | D:7      | Reached skill level 5 in Fighting
  6974 | D:8      | Noticed Joseph
  7093 | D:7      | Reached XP level 9. HP: 32/74 MP: 14/14
  7404 | D:7      | Reached skill level 10 in Staves
  7438 | D:7      | HP: 3/75 [poisoned by a killer bee]
  7446 | D:7      | HP: 3/75 [poisoned by a killer bee]
  8849 | D:7      | Reached skill level 1 in Armour
  9193 | D:7      | Killed Joseph
  9761 | D:8      | Reached skill level 5 in Armour
 10088 | D:9      | Noticed Pikel
 10105 | D:9      | Killed Pikel
 10105 | D:9      | Reached XP level 10. HP: 83/84 MP: 15/15
 10260 | D:9      | Found a staircase to the Orcish Mines.
 10335 | D:9      | Noticed Grum
 10559 | D:9      | Killed Grum
 10579 | D:9      | Found a white marble altar of Elyvilon.
 10582 | D:9      | Found a glowing golden altar of the Shining One.
 10583 | D:9      | Found a hide-covered altar of Uskayaw.
 10583 | D:9      | Found a basalt altar of Yredelemnul.
 10583 | D:9      | Found a shattered altar of Ashenzari.
 10584 | D:9      | Found a stormy altar of Qazlal.
 10585 | D:9      | Found a radiant altar of Vehumet.
 10586 | D:9      | Found an iron altar of Okawaru.
 10587 | D:9      | Found a snail-covered altar of Cheibriados.
 10588 | D:9      | Found a bloodstained altar of Trog.
 10654 | D:9      | Found a staircase to the Lair.
 11102 | D:10     | Entered Level 10 of the Dungeon
 11677 | D:10     | Noticed a cyan ugly thing
 11711 | D:10     | Killed a cyan ugly thing
 12619 | D:10     | Gained mutation: You are frail. (-10% HP) [mutagenic meat]
 12622 | D:10     | Gained mutation: Your body sometimes deteriorates upon taking damage. [mutagenic meat]
 12625 | D:10     | Gained mutation: You have a pair of small antennae on your head. [mutagenic meat]
 13041 | D:10     | Noticed a hill giant
 13054 | D:10     | Killed a hill giant
 13353 | D:11     | Got a warped trident
 13372 | D:11     | Identified the +7 trident "Zorchavy" {distort, rF+} (You found it on level 11 of the Dungeon)
 13432 | Lair:1   | Entered Level 1 of the Lair of Beasts
 13503 | Lair:1   | Reached skill level 10 in Armour
 13618 | Lair:1   | Reached XP level 11. HP: 50/81 MP: 16/16
 14678 | Lair:1   | Quit the game

Vault maps used:
D:1:      ncdulo_watergridlock
D:2:      first_bread, kennysheep_generic_room_12
D:3:      minmay_misc_feat_x, grunt_ministairs_10, uniq_crazy_yiuf_cottage
D:4:      kennysheep_small_square
D:5:      grunt_temple_overflow_gold_and_silver, enter_ossuary_2
D:6:      serial_shops, nicolae_shop_waterfront
D:8:      uniq_joseph
D:9:      minitemple, lair_0_dummy, orc_0_dummy, hangedman_fish_farm, uniq_grum,
          uniq_pikel
D:10:     serial_corexii_hall, corexii_hall_statues_l, corexii_hall_statues_t,
          nicolae_sextant, small_statue_alley_a, abandoned_shop
D:11:     kennysheep_kobold_lugonu_temple
Lair:1:   serial_bayou_shore_b
Ossuary:  ossuary_minmay_scorpions

Skill      XL: |  1  2  3  4  5  6  7  8  9 10 |
---------------+-------------------------------+-----
Staves         | 3 4 5 6 7 8 9 10 | 10.2
Fighting       | 3 5 6 |  6.4
Evocations     | 3 |  3.0
Armour         | 5 10 | 10.8
Dodging        | 3 |  3.4
Throwing       | |  1.7

Action                   |  1- 3 |  4- 6 |  7- 9 | 10-12 || total
-------------------------+-------+-------+-------+-------++-------
Melee: Quarterstaff      |   129 |   110 |   434 |   244 ||   917
       Short sword       |    15 |     4 |       |       ||    19
       Trident           |       |       |       |    64 ||    64
Evoke: Wand              |       |       |       |     4 ||     4
  Use: Scroll            |     2 |     3 |    11 |     9 ||    25
       Potion            |     1 |       |     2 |     1 ||     4
 Stab: Petrifying        |       |     1 |     1 |       ||     2
       Petrified         |       |       |     2 |       ||     2
       Confused          |       |       |     3 |     6 ||     9
       Paralysed         |       |       |       |     2 ||     2
  Eat: Chunk             |     4 |     3 |    12 |    15 ||    34
       Pizza             |       |     2 |     2 |     2 ||     6
       Fruit             |       |       |     4 |       ||     4
       Royal jelly       |       |       |     2 |       ||     2
Armor: Leather armour    |    53 |     1 |       |       ||    54
       Ring mail         |       |    45 |    52 |       ||    97
       Scale mail        |       |       |    71 |       ||    71
       Plate armour      |       |       |    54 |   151 ||   205
       Skin              |       |       |       |     6 ||     6
Dodge: Dodged            |    84 |    90 |   223 |    87 ||   484
Block: Other             |       |       |    22 |    18 ||    40
